 Dungeon Crawl Stone Soup version 0.30-a0-802-gb92711bcdf (webtiles) character file.

Game seed: 5516173497918982961

156 cforsyth the Sneak (level 5, -4/32 HPs)
             Began as a Kobold Brigand on Feb 25, 2023.
             Killed by divine providence
             ... invoked by an orc priest
              (10 damage)
             ... on level 3 of the Dungeon.
             The game lasted 00:02:42 (2035 turns).

cforsyth the Sneak (Kobold Brigand)                 Turns: 2035, Time: 00:02:42

Health: -4/32      AC:  3    Str:  9    XL:     5   Next: 64%
Magic:  5/5        EV: 16    Int: 12    God:
Gold:   114        SH:  0    Dex: 24    Spells: 4/4 levels left

rFire   . . .      SeeInvis .    a - +2 dagger
rCold   . . .      Faith    .    (no shield)
rNeg    . . .      Spirit   .    b - +0 robe
rPois   .          Reflect  .    (no helmet)
rElec   .          Harm     .    c - +0 cloak
rCorr   .          Rampage  .    (no gloves)
Will    .....                    (no boots)
Stlth   +++++                    (no amulet)
HPRegen 0.25/turn                l - +6 ring of dexterity
MPRegen 0.09/turn                (no ring)

@: no status effects
A: small, no large weapons, nightstalker 3
a: no special abilities


You were on level 3 of the Dungeon.
You visited 1 branch of the dungeon, and saw 3 of its levels.

You collected 114 gold pieces.

Inventory:

Hand Weapons
 a - a +2 dagger (weapon)
Missiles
 d - 14 poisoned darts (quivered)
 e - 3 curare-tipped darts
Armour
 b - a +0 robe (worn)
 c - a +0 cloak (worn)
Jewellery
 f - a ring of ice
 l - a +6 ring of dexterity (left hand)
 p - a +4 ring of protection
Wands
 u - a wand of digging (1)
Scrolls
 g - a scroll of silence {unknown}
 h - 2 scrolls of fog {unknown}
 j - a scroll of identify {unknown}
 m - a scroll of fear {unknown}
 n - 3 scrolls of teleportation {unknown}
 o - a scroll of vulnerability {unknown}
 s - a scroll of enchant armour {unknown}
Potions
 i - a potion of curing {unknown}
 k - a potion of brilliance {unknown}
 q - a potion of attraction {unknown}
 r - a potion of mutation {unknown}
 t - 2 potions of flight {unknown}
 v - a potion of heal wounds {unknown}


   Skills:
 + Level 3.4 Fighting
 + Level 4.2 Short Blades
 - Level 2.1 Throwing
 + Level 3.1 Dodging
 + Level 6.4 Stealth


You had 4 spell levels left.
You didn't know any spells.
Your spell library contained the following spells:

 Spells                   Type           Power      Damage    Failure   Level
 Kiss of Death            Conj/Necr      0%         2d5       32%         1
 Scorch                   Fire           0%         2d5       45%         2
 Confusing Touch          Hex            0%         N/A       69%         3
 Dispel Undead            Necr           0%         3d6       97%         4
 Flame Wave               Conj/Fire      0%         2d4       97%         4
 Summon Ice Beast         Ice/Summ       0%         N/A       97%         4
 Summon Mana Viper        Hex/Summ       0%         N/A       100%        5
 Summon Cactus Giant      Summ           0%         N/A       100%        6
 Monstrous Menagerie      Summ           0%         N/A       100%        7


Dungeon Overview and Level Annotations

Branches:
Dungeon (3/15)

Altars:


Innate Abilities, Weirdness & Mutations

You are small and have problems with some larger weapons.
You are completely attuned to the shadows.


Message History

The orc wizard closely misses you.
You hit the orc priest.
The orc priest is moderately wounded.
The orc priest hits you with a +0 whip.
The orc wizard points at you and mumbles some strange words.
You are confused.
You hear a shout!
You are too confused!
You are too confused!
There are monsters nearby!
The orc wizard attacks as you move away!
The orc wizard hits you but does no damage.
You hear a shout!
The orc priest closely misses you.
An orc priest comes into view. It is wielding a +0 hand axe.
You hear a shout!
You hit the orc priest.
The orc priest is severely wounded.
The orc priest attacks as you move away!
The orc priest barely misses you.
Found a white potion.
The orc priest hits you but does no damage.
The orc wizard hits you with a +0 dagger.
The orc priest attacks as you move away!
The orc priest hits you with a +0 whip.
The orc priest miscasts a cantrip.
You bump into the rock wall.
You feel less confused.
The orc priest mumbles some strange prayers to Beogh against you.
Beogh smites you!
* * * LOW HITPOINT WARNING * * *
The orc wizard barely misses you.
The orc wizard hits you with a +0 dagger.
* * * LOW HITPOINT WARNING * * *
The orc wizard attacks as you move away!
The orc wizard closely misses you.
The orc priest attacks as you move away!
The orc priest closely misses you.
The orc priest calls down the wrath of Beogh upon you.
Beogh smites you!
You die...

.... ##.............##.
....!.# #.............###.
......###..##.........# #.
..$........#............ .
.....o.o................~~
.......#o.###.. ~~
......##..# . ~≈
........o.# ~~ .......##@#
.. .##..#.##.# ~~
...##.#... ..~≈ .##
>...... #.≈≈ ...#### ##.~≈
##..~~ ...... ##.... #####


You could see 2 orc priests and an orc wizard.

Vanquished Creatures
  Natasha (thrice) (D:3)
  3 adders
  A worm (D:3)
  6 dart slugs
  4 bats
  2 endoplasms (D:2)
  4 goblins
  3 hobgoblins
  3 kobolds
  A quokka (D:2)
  5 ball pythons
  4 frilled lizards
  6 rats
45 creatures vanquished.

Notes
Turn   | Place    | Note
-------+----------+-------------------------------------------
     0 | D:1      | cforsyth the Kobold Brigand began the quest for the Orb.
     0 | D:1      | Reached XP level 1. HP: 12/12 MP: 1/1
   109 | D:1      | Reached XP level 2. HP: 18/18 MP: 2/2
   605 | D:1      | Reached XP level 3. HP: 20/22 MP: 3/3
  1307 | D:3      | Reached XP level 4. HP: 27/27 MP: 4/4
  1371 | D:3      | Reached skill level 6 in Stealth
  1468 | D:3      | Noticed Natasha
  1483 | D:3      | Killed Natasha
  1484 | D:3      | Reached XP level 5. HP: 12/32 MP: 5/5
  1728 | D:3      | Noticed Natasha
  1748 | D:3      | Killed Natasha
  1874 | D:3      | Noticed Natasha
  1891 | D:3      | Killed Natasha
  2035 | D:3      | Killed from afar by an orc priest

Illustrated notes

Levels and vault maps discovered:
D:1:      minmay_arrival_five_plusses, layout_loops_ring, moated_statue,
          hangedman_abyss_or_decor_lesser_grid, nicolae_kite_square_tiling_tiny
D:2:      layout_rooms
D:3:      layout_rooms, minivault_14, uniq_natasha

Skill      XL: |  1  2  3  4  5 |
---------------+----------------+-----
Short Blades   | 3 4 |  4.2
Dodging        | 2 3 |  3.1
Fighting       | 3 |  3.4
Stealth        | 6 |  6.4
Throwing       | |  2.1

Action                     |  1- 3 |  4- 6 || total
---------------------------+-------+-------++-------
  Melee: Dagger            |    51 |    61 ||   112
   Stab: Sleeping          |    20 |     7 ||    27
 Armour: Robe              |     5 |     4 ||     9
  Dodge: Dodged            |     9 |    29 ||    38

Table legend: (Time is in decaauts)
 A = Elapsed time spent in this place.
 B = Non-inter-level travel time spent in this place.
 C = Inter-level travel time spent in this place.
 D = Time resting spent in this place.
 E = Time spent auto-exploring this place.
 F = Levels seen in this place.
 G = Mean time per level.
                   A        B        C        D        E       F      G
               +--------+--------+--------+--------+--------+-----+--------+
         Total |   2013 |   2000 |     13 |    305 |   1384 |   3 |  671.0 |
       Dungeon |   2013 |   2000 |     13 |    305 |   1384 |   3 |  671.0 |
               +--------+--------+--------+--------+--------+-----+--------+

Top non-repeatable levels by time:
     D:1: 763 daAuts
     D:3: 743 daAuts
     D:2: 506 daAuts
